 Dungeon Crawl Stone Soup version 0.26-b1-32-g5d43845318 (webtiles) character file.

Game seed: 1704732998154572870

1648 Borgoz the Skirmisher (level 9, -8/78 HPs)
             Began as a Ghoul Gladiator on Jan 13, 2021.
             Mangled by a wight
             ... wielding a cursed +5 trident of freezing
              (11 damage)
             ... while paralysed by Grinder
             ... on level 6 of the Dungeon.
             The game lasted 00:07:23 (6849 turns).

Borgoz the Skirmisher (Ghoul Gladiator)             Turns: 6849, Time: 00:07:23

Health: -8/78      AC:  9    Str: 19    XL:     9   Next: 0%
Magic:  8/8        EV:  2    Int:  3    God:
Gold:   368        SH:  0    Dex: 12    Spells: 8/8 levels left

rFire    + . .     SeeInvis .   a - +0 flail
rCold    + . .     Faith    .   o - +0 buckler
rNeg     + + +     Spirit   .   q - +3 leather armour {rF+}
rPois    ∞         Reflect  .   c - +0 helmet
rElec    .         Harm     .   (no cloak)
rCorr    .         Rampage  .   r - +0 pair of gloves
Will     .....                  (no boots)
Stlth    +.........             (no amulet)
HPRegen  0.00/turn              (no ring)
MPRegen  0.11/turn              (no ring)

@: paralysed
A: claws 1, cold resistance 1, negative energy resistance 3, inhibited
regeneration, torment resistance, unbreathing
a: no special abilities


You were on level 6 of the Dungeon.
You visited 1 branch of the dungeon, and saw 6 of its levels.

You collected 368 gold pieces.

Inventory:

Hand Weapons
 a - a +0 flail (weapon)
Missiles
 d - a throwing net (quivered)
Armour
 c - a +0 helmet (worn)
 o - a +0 buckler (worn)
 q - a +3 leather armour of fire resistance (worn)
 r - a +0 pair of gloves (worn)
Jewellery
 v - an uncursed ring of fire
Scrolls
 i - a scroll of remove curse
 j - a scroll of blinking
 p - 2 scrolls of fear
Potions
 e - 2 potions of haste
 m - a potion of brilliance
 w - a potion of flight


   Skills:
 * Level 6.4 Fighting
 * Level 5.7 Maces & Flails
 - Level 1.7 Throwing
 * Level 4.8 Armour
 * Level 5.6 Dodging


You had 8 spell levels left.
You didn't know any spells.
Your spell library contained the following spells:

 Spells                   Type           Power        Failure   Level
 Summon Small Mammal      Summ           0%           75%         1
 Call Imp                 Summ           0%           87%         2
 Call Canine Familiar     Summ           0%           98%         3
 Summon Guardian Golem    Hex/Summ       0%           98%         3
 Summon Ice Beast         Ice/Summ       0%           100%        4
 Summon Lightning Spire   Summ/Air       0%           100%        4


Dungeon Overview and Level Annotations

Branches:
Dungeon (6/15)             Temple (0/1) D:6

Altars:
Dithmenos
Vehumet
Xom

Annotations:
D:6 Grinder


Innate Abilities, Weirdness & Mutations

You thrive by killing the living.
You are immune to poison.
You have sharp fingernails.
Your flesh is cold resistant. (rC+)
You are immune to negative energy. (rN+++)
You do not regenerate when monsters are visible.
You are immune to unholy pain and torment.
You can survive without breathing.


Message History

A wight comes into view. It is wielding a +1 trident.
A wight comes into view. It is wielding a +3 dire flail.
A wight comes into view.
It is wielding a +5 trident of freezing.
Found 19 gold pieces and a scroll of remove curse.
Found a staircase to the Ecumenical Temple.
Grinder blinks!
Found a robe.
As you read the scroll of fear, it crumbles to dust.
You assume a fearsome visage.
Grinder is unaffected.
The bullfrog looks frightened!
The wight is unaffected. x5
Grinder gestures at you.
You suddenly lose the ability to move!
Grinder hits you.
* * * LOW HITPOINT WARNING * * *
Grinder hits you!
* * * LOW HITPOINT WARNING * * *
The hound bites you but does no damage. The wight hits you but does no damage.
The wight hits you from afar with a cursed +5 trident of freezing!
You die...

** ###********* *,
#..,,,,,,,,* *, #.#*******>*
*, #.# *,* *, #.#### *,* *,
*#######..,.## *,* *****,
*........##..# *,****,,,,,
*........h@z.# *,,,,,,,,,,
*.#.#.#.#5#..# ******,***,
**...$....zzz## *,* *,
*,.#......z#.# *,* *,
*,........$..# *,* *,
*,.#...>...#.#* *,* *,
*,.......?....*********,* *,
*,.#.......#...,,,,,,,,,* *,
*,,.........[###***********,


You could see Grinder, a hound and 5 wights.

Vanquished Creatures
  Eustachio (D:5)
  Menkaure (D:5)
  A sky beast (D:5)
  2 ice beasts
  An ogre (D:4)
  Blork the orc (D:5)
  2 bullfrogs
  The ghost of p0werm0de the Covered, a weakling DDFi (D:4)
  5 hounds
  4 orc wizards
  An orc priest (D:4)
  4 iguanas
  6 worker ants
  2 hound skeletons
  6 adders
  4 gnolls
  A shadow imp (D:5)
  An ufetubus (D:5)
  2 oozes
  An adder skeleton (D:4)
  2 worms
  5 dart slugs
  2 adder simulacra (D:4)
  3 leopard geckos
  12 orcs
  3 ball pythons
  3 bats
  3 giant cockroaches
  6 goblins
  6 hobgoblins
  7 jackals
  4 quokkas
  6 frilled lizards
  6 kobolds
  2 leopard gecko simulacra (D:4)
  A quokka simulacrum (D:4)
  A quokka zombie (D:5)
  3 rats
122 creatures vanquished.

Vanquished Creatures (others)
  An adder skeleton (D:5)
  An adder zombie (D:5)
2 creatures vanquished.

Grand Total: 124 creatures vanquished

Notes
Turn   | Place    | Note
-------+----------+-------------------------------------------
     0 | D:1      | Borgoz the Ghoul Gladiator began the quest for the Orb.
     0 | D:1      | Reached XP level 1. HP: 17/17 MP: 0/0
   209 | D:1      | Reached XP level 2. HP: 19/25 MP: 1/1
   815 | D:1      | Reached skill level 1 in Armour
   894 | D:1      | Reached XP level 3. HP: 27/30 MP: 2/2
  1544 | D:2      | Reached skill level 3 in Fighting
  1591 | D:2      | Reached XP level 4. HP: 38/38 MP: 3/3
  2231 | D:3      | Found a shimmering altar of Xom.
  2355 | D:3      | Reached XP level 5. HP: 37/45 MP: 4/4
  2570 | D:3      | Found a radiant altar of Vehumet.
  2570 | D:3      | Found a shadowy altar of Dithmenos.
  3219 | D:4      | Noticed an ogre
  3231 | D:4      | Reached XP level 6. HP: 41/52 MP: 5/5
  3239 | D:4      | Reached skill level 4 in Fighting
  3373 | D:4      | Noticed an ice beast
  3628 | D:4      | Reached XP level 7. HP: 60/60 MP: 6/6
  3638 | D:4      | Found a runed translucent gate.
  3638 | D:4      | Found a runed translucent gate.
  3638 | D:4      | Found a runed translucent gate.
  4354 | D:4      | Noticed p0werm0de's ghost (weakling DDFi)
  4383 | D:4      | Reached skill level 5 in Fighting
  4403 | D:4      | Killed p0werm0de's ghost
  4601 | D:4      | Reached XP level 8. HP: 51/68 MP: 7/7
  4734 | D:5      | Entered Level 5 of the Dungeon
  4796 | D:5      | Noticed Menkaure
  4807 | D:5      | Killed Menkaure
  4808 | D:5      | Reached skill level 5 in Maces & Flails
  4808 | D:5      | Reached skill level 5 in Dodging
  5056 | D:5      | Noticed Blork the orc
  5136 | D:5      | Killed Blork the orc
  6015 | D:5      | Reached skill level 6 in Fighting
  6215 | D:5      | Noticed Eustachio
  6302 | D:5      | Killed Eustachio
  6781 | D:6      | Reached XP level 9. HP: 21/78 MP: 8/8
  6843 | D:6      | Found a staircase to the Ecumenical Temple.
  6843 | D:6      | Noticed Grinder
  6846 | D:6      | Paralysed by Grinder for 4 turns
  6848 | D:6      | HP: 3/78 [Grinder (8)]
  6849 | D:6      | Mangled by a wight

Illustrated notes

Levels and vault maps discovered:
D:1:      dpeg_arrival_rooms_c, layout_basic, serial_curves, eino_curves_03,
          eino_curves_03, glass_columns_c
D:2:      layout_basic
D:3:      layout_rooms, gammafunk_temple_overflow_wave, xom_teletrap_fun
D:4:      layout_loops_ring, gammafunk_ghost_icy, minmay_crystal_water
D:5:      layout_loops_ring, lemuel_flame_loot_1, uniq_eustachio, uniq_menkaure,
          uniq_blork_the_orc
D:6:      layout_loops_ring, elyvilon_altar_3, minmay_temple_entry_glass,
          uniq_grinder

Skill      XL: |  1  2  3  4  5  6  7  8 |
---------------+-------------------------+-----
Maces & Flails | 3 4 5 |  5.7
Armour         | 1 2 3 4 |  4.8
Dodging        | 3 4 5 |  5.6
Fighting       | 3 4 5 6 |  6.4
Throwing       | |  1.7

Action                   |  1- 3 |  4- 6 |  7- 9 || total
-------------------------+-------+-------+-------++-------
Melee: Flail             |   132 |   174 |   368 ||   674
Throw: Throwing net      |       |     2 |     1 ||     3
  Use: Potion            |       |       |    15 ||    15
       Scroll            |       |       |    15 ||    15
Armor: Leather armour    |    52 |    53 |   179 ||   284
Dodge: Dodged            |   111 |   127 |   330 ||   568
Block: Buckler           |       |    29 |    57 ||    86
